AoeStats
← 黑色的广告

Arabian Desert

509140253Analyzed
1v1 RM · 5d ago on Sep 25, 2026· 30m 3s· 2 players
Game mode
Random Map
Map size
Tiny (2 player)
Population
200
Speed
Normal
Resources
Standard
Victory
Conquest
Starting age
Dark Age
Ending age
Imperial Age
RankedLock teamsTeams togetherTeam positionsShared explorationLock speedFull tech treeHidden civsTurbo modeCheats
Victory
Defeat
🇹🇷 Franks · Türkiye
862
+18
🇨🇳 Byzantines · China
904
-18
黑色的广告
9:33 Feudal Age
10:20 Double-Bit Axe
12:06 Horse Collar
16:34 Loom
19:47 Castle Age
17:48 Gold Mining
18:42 Scale Mail Armor
19:41 Forging
20:13 Fletching
21:07 Gambesons
21:39 Chain Mail Armor
22:18 Bow Saw
23:24 Squires
24:02 Heavy Plow
26:37 Iron Casting
28:10 Wheelbarrow
prefs
0:28 Loom
11:32 Feudal Age
12:52 Wheelbarrow
12:06 Double-Bit Axe
14:46 Stone Mining
24:23 Castle Age
22:57 Scale Barding Armor
23:25 Gold Mining
24:13 Forging
25:12 Husbandry
25:34 Chain Barding Armor
Connection lost

Rejoining the realm…

Still unreachable

The connection could not be restored.

Session expired

The server has moved on; the page needs a fresh start.